Description

UPDATE: this build is probably no good without the Shield Upgrade anymore.

Part of learning a new meta-game is learning new cheese strategies, and the 4 Gate Adept build popularized by Geiko is a pretty strong Protoss cheese.

http://www.teamliquid.net/forum/legacy-of-the-void/485461-g-d-abusing-adepts

The basic gist of the strategy is to abuse the mobility and tankiness of Adepts. With the Shield Upgrade from the Twilight Council, Adepts have 90 Health and 140 Shields (and 1 armor). Although they have relatively low DPS because of a slow attack speed, their bonus damage against light units allows them to 2-shot workers, Combat Shield-less Marines, and Zerglings.

Above all that, they also have the Psionic Transfer ability to create a shade to bypass static defenses and attack in 2 locations at once. You can also cancel the shade so that Adepts can effectively threaten the main and natural bases simultaneously, forcing the defender to split up or be left completely defenseless.

Build Order

Get SALT Encoding   

  12  0:03  Probe  
  13  0:14  Pylon  
  13  0:18  Probe  
  14  0:33  Gateway  
  14  0:35  Probe (Chrono Boost)  
  15  0:45  Assimilator  
  15  0:46  Probe (Chrono Boost)  
  16  0:53  Probe  
  17  1:05  Probe, Gateway  
  18  1:17  Probe  
  19  1:21  Cybernetics Core  
  19  1:27  Assimilator  
  19  1:29  Probe  
  20  1:36  Pylon  
  20  1:42  Probe  
  21  1:54  Probe  
  22  1:58  Warp Gate (Chrono Boost)  
  22  1:59  Adept x2  
  26  2:06  Probe  
  27  2:14  Twilight Council  
  27  2:38  Gateway x2  
  27  2:44  Probe  
  28  2:58  Probe  
  29  3:23  Pylon  
  27  3:25  Dark Shrine  
  27  3:27  Probe  
  28  3:37  Shield Upgrade (Chrono Boost)  
  28  3:42  Adept x4  
  36  3:52  Pylon x2  
  38  4:12  Adept x4  
  44  4:51  Adept x2, Dark Templar x2  
Spawning Tool Build Advisor. Get it on Overwolf

Analysis

The build itself is relatively straightforward, and Geiko provides a good explanation in the TL thread: open 2 Gate to harass. Get your Twilight Council for the Shield Upgrade and 2 more Gateways and place a proxy Pylon to start wailing on your opponent. With the Twilight Council, you also have the flexibility to mix in DTs, just to make their lives even more difficult.

This build is against Zerg. Going down the list of potential defenses,

  • Zerglings die in 2 shots
  • Queens aren't numerous enough
  • Spine Crawlers can be bypassed
  • Roaches aren't fast enough and actually have less HP/Shields than an upgraded Adept

Although the Zerg can defend well against the initial 2 Adept poke and even the first warp-in, the next wave of Mass Adepts (still off of 1 base) is too much to handle, even with burrowed Roaches.

Go to:

Details

  • Created by: StoicLoofah
  • Published on: Aug 30, 2015
  • Modified on: Nov 27, 2015
  • Patch: Pre-3.8.0
Show
View Real Time Build Order
Export as new Build Order

Comments (2)

On Nov. 27, 2015, 5:41 p.m., StoicLoofah  said:

Good point. I think this build is no longer viable with the current Adept upgrade. Also I think the meta has evolved to be much more resilient against cheese like this. We'll just have to figure out something else!

On Nov. 22, 2015, 2:45 p.m., boom  said:

is this build works with the current adept upgrade ?

Create an account to comment!